 Dungeon Crawl Stone Soup version 0.27-a0-277-g024f7ef292 (webtiles) character file.

Game seed: 12977780623731639628

1761 Nattfarinn the Frost Mage (level 9, -8/68 HPs)
             Began as a Merfolk Ice Elementalist on Feb 6, 2021.
             Was a Follower of Zin.
             Mangled by a hornet (9 damage)
             ... while paralysed by a hornet
             ... on level 7 of the Dungeon.
             The game lasted 00:27:55 (8324 turns).

Nattfarinn the Frost Mage (MfIE)                    Turns: 8324, Time: 00:27:57

Health: -8/68      AC:  7    Str:  9    XL:     9   Next: 7%
Magic:  10/16      EV:  2    Int: 17    God:    Zin [*.....]
Gold:   252        SH:  0    Dex: 14    Spells: 3/18 levels left

rFire    + . .     SeeInvis .   e - +0 dagger (protect)
rCold    . . .     Faith    .   (no shield)
rNeg     . . .     Spirit   .   s - +2 robe {Will+}
rPois    .         Reflect  .   (no helmet)
rElec    .         Harm     .   (no cloak)
rCorr    .         Rampage  .   y - +0 pair of gloves
Will     +....                  k - +1 pair of boots
Stlth    ++........             (no amulet)
HPRegen  0.21/turn              l - ring of wizardry
MPRegen  0.15/turn              q - ring of protection from fire

@: paralysed, slowed
A: change form in water, swift swim, stealthy swim
a: Renounce Religion, Recite, Donate Gold


You were on level 7 of the Dungeon.
You worshipped Zin.
Zin was aware of your devotion.
You visited 2 branches of the dungeon, and saw 8 of its levels.

You collected 280 gold pieces.
You donated 28 gold pieces to Zin.

Inventory:

Hand Weapons
 e - a +0 dagger of protection (weapon)
Missiles
 u - 7 javelins (quivered)
Armour
 a - a +0 robe
 k - a +1 pair of boots (worn)
 s - a +2 robe of willpower (worn)
 y - a +0 pair of gloves (worn)
Jewellery
 l - a ring of wizardry (left hand)
 q - a ring of protection from fire (right hand)
Wands
 h - a wand of flame (19)
 n - a wand of random effects (18)
 w - a wand of digging (3)
 x - a wand of polymorph (6)
Scrolls
 g - 7 scrolls of remove curse
 o - a scroll of random uselessness
 r - 3 scrolls of magic mapping
 t - a scroll of teleportation
 v - a scroll of identify
 z - a scroll of fog {unknown}
Potions
 b - 2 potions of brilliance
 c - 2 potions of flight
 d - 2 potions of curing
 f - a potion of invisibility {unknown}
 i - a potion of might {unknown}
 j - a potion of attraction {unknown}
 m - a potion of lignification {unknown}
 p - 2 potions of cancellation


   Skills:
 + Level 5.3 Fighting
 + Level 7.2 Dodging
 - Level 2.1 Stealth
 + Level 5.0 Spellcasting
 * Level 9.0 Ice Magic


You had 3 spell levels left.
You knew the following spells:

 Your Spells              Type           Power        Failure   Level
a - Freeze                Ice            100%         1%          1
b - Frozen Ramparts       Ice            70%          1%          3
c - Summon Ice Beast      Ice/Summ       19%          9%          4
d - Ozocubu's Armour      Ice            35%          1%          3
e - Hailstorm             Conj/Ice       19%          9%          4

Your spell library contained the following spells:

 Spells                   Type           Power        Failure   Level


Dungeon Overview and Level Annotations

Branches:
Dungeon (7/15)             Temple (1/1) D:7

Altars:
Ashenzari
Cheibriados
Dithmenos
Elyvilon
Fedhas
Gozag
Hepliaklqana
Kikubaaqudgha
Makhleb
Nemelex Xobeh
Okawaru
Qazlal
Ru
Sif Muna
Trog
Uskayaw
Vehumet
Wu Jian
Xom
Yredelemnul
Zin
The Shining One

Annotations:
D:3 3 runed translucent doors, VeinyPole's ghost, amateur OpBe


Message History

* * * LOW HITPOINT WARNING * * *
You are lethally poisoned!
You feel as though you will be slow longer.
You feel better.
The howler monkey hoots and howls with incredible vigour!
The wall freezes the hornet.
The hornet stings you!
* * * LOW HITPOINT WARNING * * *
You feel as though you will be slow longer.
The wall freezes the centaur.
The centaur shoots an arrow.
The arrow closely misses you.
The wall freezes the hornet.
The hornet barely misses you.
You hear an angry hiss.
Okay, then.
You feel better.
The frozen ramparts melt away.
The centaur shoots an arrow.
The arrow hits you!
* * * LOW HITPOINT WARNING * * *
The hornet stings you.
* * * LOW HITPOINT WARNING * * *
You suddenly lose the ability to move!
The hornet stings you!
You die...

................#... .##
............###..... ..
...........c........ ## #
.................... . #
#####...#h........)...####.#
#..h#..........#.......#
#..)####cZ.....#.....#..
####..).###h......#.....###
........†..@y............##.
.........≈≈≈≈≈...........##.
.......≈≈≈≈≈≈≈≈≈.........##.
##..(≈≈≈≈≈≈≈≈≈≈≈≈≈..........
....≈≈≈≈≈≈...≈≈≈≈≈≈......##.
....≈≈≈≈≈≈.>.≈≈≈≈≈≈......##.
....≈≈≈≈≈≈...≈≈≈≈≈≈.........
...≈≈≈≈≈≈≈≈≈≈≈≈≈≈≈.#.#.....
....≈≈≈≈≈≈≈≈≈≈≈≈≈....#.<...


You could see a hornet, a centaur, a howler monkey (catching breath) and a
wyvern zombie.

Vanquished Creatures
  An ogre (D:5)
  A centaur (D:7)
  Blork the orc (D:4)
  5 scorpions
  A howler monkey (D:6)
  3 hounds
  A gnoll shaman (D:7)
  An orc priest (D:6)
  An iguana (D:2)
  Natasha (thrice) (D:3)
  4 orc wizards
  3 worker ants
  Robin (D:3)
  6 adders
  6 gnolls
  A worm (D:2)
  A dart slug (D:1)
  5 leopard geckos
  13 orcs
  4 giant cockroaches
  12 goblins
  8 hobgoblins
  7 jackals
  7 kobolds
  6 quokkas
  3 ball pythons
  4 bats
  3 frilled lizards (D:2)
  4 rats
116 creatures vanquished.

Vanquished Creatures (collateral kills)
  Grinder (D:3)
  Menkaure (D:7)
  A black bear (D:6)
  3 ice beasts
  An ogre (D:4)
  A bullfrog (D:6)
  A howler monkey (D:6)
  3 nameless horrors
  An orc priest (D:4)
  A bullfrog skeleton (D:5)
  A worker ant (D:5)
  2 orc wizards (D:4)
  A howler monkey zombie (D:6)
  2 adders
  3 white imps
  An adder skeleton (D:7)
  6 orcs
30 creatures vanquished.

Grand Total: 146 creatures vanquished

Notes
Turn   | Place    | Note
-------+----------+-------------------------------------------
     0 | D:1      | Nattfarinn the Merfolk Ice Elementalist began the quest for
                  | the Orb.
     0 | D:1      | Reached XP level 1. HP: 13/13 MP: 3/3
   439 | D:1      | Reached XP level 2. HP: 17/20 MP: 0/5
   579 | D:1      | Found a broken altar of Ashenzari.
  1311 | D:2      | Reached skill level 1 in Fighting
  1311 | D:2      | Reached XP level 3. HP: 19/26 MP: 0/6
  1553 | D:2      | Learned a level 3 spell: Frozen Ramparts
  1581 | D:2      | Noticed a scorpion
  1619 | D:2      | Killed a scorpion
  1620 | D:2      | Reached skill level 5 in Ice Magic
  1620 | D:2      | Reached XP level 4. HP: 15/33 MP: 0/7
  1930 | D:2      | Found a hazy altar of Hepliaklqana.
  1938 | D:2      | Found an iron altar of Okawaru.
  2032 | D:2      | Reached XP level 5. HP: 38/38 MP: 9/9
  2755 | D:3      | Noticed Robin
  2758 | D:3      | Noticed Grinder
  2762 | D:3      | Killed Robin
  2904 | D:2      | Learned a level 4 spell: Summon Ice Beast
  3162 | D:3      | Killed Grinder
  3163 | D:3      | Reached skill level 6 in Ice Magic
  3163 | D:3      | Reached XP level 6. HP: 20/46 MP: 3/10
  3505 | D:3      | Found a sparkling altar of Nemelex Xobeh.
  3510 | D:3      | Found a broken altar of Ashenzari.
  3511 | D:3      | Found an opulent altar of Gozag.
  3555 | D:3      | You fall into a shaft and drop 3 floors!
  3718 | D:5      | Entered Level 5 of the Dungeon
  3802 | D:5      | Reached XP level 7. HP: 43/52 MP: 8/12
  3955 | D:5      | Reached skill level 5 in Dodging
  4413 | D:5      | Reached skill level 7 in Ice Magic
  4578 | D:4      | Noticed Blork the orc
  4589 | D:4      | Killed Blork the orc
  4678 | D:4      | Found a radiant altar of Vehumet.
  4925 | D:3      | Noticed Natasha
  4932 | D:3      | Killed Natasha
  4933 | D:3      | Reached XP level 8. HP: 59/60 MP: 9/14
  4934 | D:3      | Noticed Natasha
  4942 | D:3      | Killed Natasha
  5169 | D:3      | Noticed Natasha
  5174 | D:3      | Killed Natasha
  5209 | D:3      | Found a runed translucent gate.
  5210 | D:3      | Found a runed translucent gate.
  5211 | D:3      | Found a runed translucent gate.
  5212 | D:3      | Noticed VeinyPole's ghost (amateur OpBe)
  5654 | D:4      | Found a burning altar of Makhleb.
  6240 | D:5      | Reached skill level 8 in Ice Magic
  7114 | D:7      | Noticed Menkaure
  7432 | D:6      | Learned a level 3 spell: Ozocubu's Armour
  7437 | D:6      | Learned a level 4 spell: Hailstorm
  7482 | D:7      | Killed Menkaure
  7483 | D:7      | Reached skill level 5 in Fighting
  7958 | D:7      | Reached XP level 9. HP: 68/68 MP: 12/16
  7997 | D:7      | Found a staircase to the Ecumenical Temple.
  8006 | Temple   | Entered the Ecumenical Temple
  8249 | Temple   | Became a worshipper of Zin the Law-Giver
  8249 | Temple   | Reached * piety under Zin
  8297 | D:7      | Reached skill level 9 in Ice Magic
  8313 | D:7      | Noticed a hornet
  8320 | D:7      | Paralysed by a hornet for 2 turns
  8321 | D:7      | Reached skill level 5 in Spellcasting
  8324 | D:7      | HP: 1/68 [hornet (4)]
  8324 | D:7      | Paralysed by a hornet for 3 turns
  8324 | D:7      | Mangled by a hornet

Illustrated notes

Levels and vault maps discovered:
D:1:      ncdulo_watergridlock, layout_basic, nicolae_ashenzari_panopticon
D:2:      layout_basic, amethyst_overflow_temple_binary
D:3:      layout_rooms, minitemple, gammafunk_ghost_necromancy, uniq_grinder,
          uniq_robin, uniq_natasha
D:4:      layout_rooms, lemuel_coloured_pillars_altar, vehumet_altar_wand_db,
          uniq_blork_the_orc
D:5:      layout_loops_ring
D:6:      layout_basic
D:7:      layout_basic, temple_pool_b, serial_shops, shop, uniq_menkaure
Temple:   eino_temple_rhombus

Skill      XL: |  1  2  3  4  5  6  7  8  9 |
---------------+----------------------------+-----
Dodging        | 3 4 5 7 |  7.2
Fighting       | 1 2 3 5 |  5.3
Ice Magic      | 5 6 7 8 9 |  9.0
Spellcasting   | 3 4 5 |  5.0
Stealth        | |  2.1

Action                   |  1- 3 |  4- 6 |  7- 9 || total
-------------------------+-------+-------+-------++-------
Melee: Unarmed           |     1 |       |       ||     1
       Dagger            |    20 |    90 |   248 ||   358
Throw: Javelin           |       |       |     4 ||     4
 Cast: Freeze            |    38 |    24 |     4 ||    66
       Frozen Ramparts   |       |     6 |    25 ||    31
       Summon Ice Beast  |       |     2 |    24 ||    26
       Ozocubu's Armour  |       |       |     1 ||     1
  Use: Potion            |       |     5 |     4 ||     9
       Scroll            |       |     1 |     7 ||     8
 Stab: Sleeping          |     1 |     3 |       ||     4
       Distracted        |       |     1 |     2 ||     3
Armor: Robe              |     6 |    22 |    67 ||    95
Dodge: Dodged            |    28 |    67 |   223 ||   318

Table legend: (Time is in decaauts)
 A = Elapsed time spent in this place.
 B = Non-inter-level travel time spent in this place.
 C = Inter-level travel time spent in this place.
 D = Time resting spent in this place.
 E = Time spent auto-exploring this place.
 F = Levels seen in this place.
 G = Mean time per level.
                   A        B        C        D        E       F      G
               +--------+--------+--------+--------+--------+-----+--------+
         Total |   8327 |   7876 |    451 |   2314 |   4209 |   8 | 1040.9 |
       Dungeon |   8072 |   7660 |    412 |   2314 |   3995 |   7 | 1153.1 |
        Temple |    254 |    215 |     39 |      0 |    214 |   1 |  254.0 |
               +--------+--------+--------+--------+--------+-----+--------+

Top non-repeatable levels by time:
     D:2: 1836 daAuts
     D:6: 1262 daAuts
     D:5: 1253 daAuts
     D:1: 1170 daAuts
     D:4: 1017 daAuts
     D:3: 891 daAuts
     D:7: 640 daAuts
  Temple: 254 daAuts
